 Dungeon Crawl Stone Soup version 0.13-a0-2236-g7be3fc8 (webtiles) character file.

463 JacquesDerrida the Spear-Bearer (level 6, -13/45 HPs)
             Began as a Merfolk Skald on July 4, 2013.
             Was an Initiate of Okawaru.
             Mangled by an ogre
             ... wielding a +0,+0 giant spiked club
              (18 damage)
             ... on Level 4 of the Dungeon.
             The game lasted 00:07:40 (3048 turns).

JacquesDerrida the Spear-Bearer (Merfolk Skald)     Turns: 3048, Time: 00:07:40

HP -13/45        AC  5     Str 13      XL: 6   Next:  7%
MP  10/10        EV 11     Int 13      God: Okawaru [......]
Gold 224         SH  0     Dex 13      Spells:  1 memorised,  8 levels left

Res.Fire  : . . .   See Invis. : .   i - +1,+0 elf spear
Res.Cold  : . . .   Warding    : .   b - +0 leather armour
Life Prot.: . . .   Conserve   : .   (no shield)
Res.Poison: .       Res.Corr.  : .   (no helmet)
Res.Elec. : .       Clarity    : .   y - +0 cloak
Sust.Abil.: . .     Spirit.Shd : .   (no gloves)
Res.Mut.  : .       Stasis     : .   o - +0 pair of dwarf boots
Res.Rott. : .       Flight     : .   (no amulet)
Saprovore : . . .                    (no ring)
                                     (no ring)

@: slowed, very slow, slightly resistant to hostile enchantments, very
unstealthy
A: change form in water, swift swim
a: Renounce Religion


You were on level 4 of the Dungeon.
You worshipped Okawaru.
Okawaru was pleased with you.
You were hungry.

You visited 1 branch of the dungeon, and saw 4 of its levels.

You collected 204 gold pieces.

Inventory:

Hand weapons
 a - a +0,+0 spear {=f}
 i - a +1,+0 elven spear (weapon)
Missiles
 f - 5 javelins (quivered)
Armour
 b - a +0 leather armour (worn)
 o - a +0 pair of dwarven boots (worn)
 y - a +0 cloak (worn)
Comestibles
 d - a bread ration
 k - an orange
 m - an apple
 p - 2 meat rations
 v - a cheese
 A - a slice of pizza
Scrolls
 e - 2 scrolls of teleportation {unknown}
 g - 2 scrolls of noise {unknown}
 h - a scroll of fear {unknown}
 j - 3 scrolls of identify {unknown}
 l - 2 scrolls of random uselessness {unknown}
 n - a scroll of recharging {unknown}
 q - 3 scrolls of remove curse {unknown}
 r - a scroll of curse weapon {unknown}
 s - a scroll of enchant armour {unknown}
 w - a scroll of curse jewellery {unknown}
 x - a scroll of blinking {unknown}
Potions
 u - a potion of restore abilities
 z - a potion of curing
Books
 c - a book of Battle

   Spells                             Type                      Level
   *Infusion                          Charms                       1
   Shroud of Golubria                 Charms/Translocation         2
   Song of Slaying                    Charms                       2
   Spectral Weapon                    Hexes/Charms                 3
   Regeneration                       Charms/Necromancy            3
   Song of Shielding                  Charms                       5


   Skills:
 - Level 2.1 Fighting
 + Level 8.9 Polearms
 - Level 0.6 Armour
 - Level 1.3 Dodging
 - Level 2.0 Spellcasting
 - Level 3.2 Charms


You had 8 spell levels left.
You knew the following spells:

 Your Spells              Type           Power        Failure   Level  Hunger
a - Infusion              Chrm           #.....       10%         1    ##.....


Dungeon Overview and Level Annotations

Branches:
Dungeon (4/27)
 Temple: D:4-7

Altars:
Okawaru

Annotations
D:2 Sigmund


Message History

The ogre is heavily wounded.
You hit the ogre.
The ogre is heavily wounded.
The ogre hits you with a giant spiked club!
You puncture the ogre!
The ogre is severely wounded.
The ogre hits you with a giant spiked club!
* * * LOW HITPOINT WARNING * * *
You barely miss the ogre.
The ogre is severely wounded.
The ogre barely misses you.
You hit the ogre.
The ogre is almost dead.
You hit the ogre.
The ogre is almost dead.
The ogre barely misses you.
You barely miss the ogre.
The ogre is almost dead.
The ogre hits you with a giant spiked club!
You die...

#.# #.# #.# ######
#.# #....###.#
#.#....#.#
#.######.#
#........###
#........@.#
##.####.########O#
...........<....#.#
###.######.....#.#
#..........#.#.#
#..######### #.# .#
##


You could see an ogre.

Vanquished Creatures
  The ghost of mora the Comforter, an average KoHe of Elyvilon (D:3)
  Jessica (D:3)
  4 adders (D:2)
  2 worms
  2 orcs (D:3)
  3 giant cockroaches
  7 goblins
  11 hobgoblins
  3 kobolds
  A quokka (D:3)
  2 ball pythons
  6 bats
  3 giant newts
  5 jackals
  12 rats
63 creatures vanquished.

Vanquished Creatures (others)
  2 giant newts
2 creatures vanquished.

Grand Total: 65 creatures vanquished

Notes
Turn   | Place    | Note
--------------------------------------------------------------
     0 | D:1      | JacquesDerrida, the Merfolk Skald, began the quest for the Orb.
     0 | D:1      | Reached XP level 1. HP: 16/16 MP: 2/2
   273 | D:1      | Reached skill level 4 in Polearms
   273 | D:1      | Reached XP level 2. HP: 17/22 MP: 4/4
   316 | D:1      | Found an iron altar of Okawaru.
   320 | D:1      | Became a worshipper of Warmaster Okawaru
   932 | D:2      | Reached skill level 5 in Polearms
   932 | D:2      | Reached XP level 3. HP: 15/27 MP: 5/5
  1123 | D:2      | HP: 1/27 [poisoned by an adder]
  1139 | D:2      | HP: 1/27 [poisoned by an adder]
  1521 | D:2      | Noticed Sigmund
  1654 | D:3      | Reached skill level 6 in Polearms
  1706 | D:3      | Reached XP level 4. HP: 34/34 MP: 1/7
  1764 | D:3      | Noticed mora's ghost (average KoHe)
  1776 | D:3      | Killed mora's ghost
  1776 | D:3      | Reached skill level 8 in Polearms
  1776 | D:3      | Reached XP level 5. HP: 22/39 MP: 1/8
  1990 | D:3      | Noticed Jessica
  2002 | D:3      | Killed Jessica
  2531 | D:2      | Reached XP level 6. HP: 32/45 MP: 6/10
  3048 | D:4      | Mangled by an ogre

Action                   |  1- 3 |  4- 6 || total
-------------------------+-------+-------++-------
Melee: Spear             |   171 |   153 ||   324
 Cast: Infusion          |     3 |     2 ||     5
  Use: Potion            |     1 |     4 ||     5
 Stab: Sleeping          |     1 |       ||     1
